 Dungeon Crawl Stone Soup version 0.28-a0-1114-g8eb0198dcf (webtiles) character file.

Game seed: 3761939257314119746

8437 Essalna the Zephyrmancer (level 11, -3/85 HPs)
             Began as a Demonspawn Air Elementalist on Dec 10, 2021.
             Was a Priest of Vehumet.
             Shot with an arrow by a centaur warrior (9 damage)
             ... on level 9 of the Dungeon on Dec 11, 2021.
             The game lasted 00:26:09 (11752 turns).

Essalna the Zephyrmancer (DsAE)                    Turns: 11752, Time: 00:26:09

Health: -3/85      AC:  6    Str:  9    XL:     11   Next: 9%
Magic:  0/23       EV: 13    Int: 20    God:    Vehumet [***...]
Gold:   785        SH:  4    Dex: 14    Spells: 19/27 levels left

rFire   + . .      SeeInvis +   f - +3 club (spect)
rCold   + . .      Faith    .   N - +0 buckler
rNeg    . . .      Spirit   +   K - +0 robe {rC+ rF+}
rPois   +          Reflect  .   (no helmet)
rElec   .          Harm     .   E - +0 cloak
rCorr   .          Rampage  .   C - +0 pair of gloves
Will    .....                   (no boots)
Stlth   +.........              (no amulet)
HPRegen 0.24/turn               t - ring of see invisible
MPRegen 0.36/turn               L - ring of poison resistance

@: very slightly contaminated, very slow
A: thin metallic scales 1, spiny 2, magic shield, magic regeneration, magic
link, weakness stinger 1
a: Renounce Religion


You were on level 9 of the Dungeon.
You worshipped Vehumet.
Vehumet was most pleased with you.
You visited 2 branches of the dungeon, and saw 10 of its levels.
You also visited: Ossuary.

You collected 785 gold pieces.

Inventory:

Hand Weapons
 d - a +0 whip
 f - a +3 spectral club (weapon)
Armour
 a - a +1 robe
 C - a +0 pair of gloves (worn)
 D - a +2 robe of fire resistance
 E - a +0 cloak (worn)
 F - the -2 cloak "Vodghein" {rC+}
   (You found it on level 7 of the Dungeon)

   rC:        It protects you from cold.
 I - a +0 pair of gloves
 K - a +0 robe of resistance (worn)
 N - a +0 buckler (worn)
Jewellery
 m - a ring of fire
 t - a ring of see invisible (left hand)
 L - a ring of poison resistance (right hand)
Wands
 o - a wand of flame (20)
 w - a wand of paralysis (16)
 M - a wand of polymorph (7)
Scrolls
 b - 2 scrolls of amnesia
 c - 12 scrolls of identify
 h - 3 scrolls of teleportation
 q - 3 scrolls of enchant armour
 r - 2 scrolls of magic mapping
 y - a scroll of summoning
 G - 2 scrolls of enchant weapon
 H - a scroll of fog
Potions
 e - 3 potions of might
 g - a potion of berserk rage {unknown}
 i - 4 potions of degeneration {unknown}
 j - 4 potions of heal wounds {unknown}
 k - 2 potions of resistance {unknown}
 l - a potion of attraction {unknown}
 n - 3 potions of cancellation {unknown}
 p - 3 potions of ambrosia {unknown}
 s - 8 potions of curing {unknown}
 u - 2 potions of flight {unknown}
 v - 2 potions of haste {unknown}
 z - 3 potions of lignification {unknown}
 A - a potion of mutation {unknown}
 B - 3 potions of brilliance {unknown}
 J - a potion of magic {unknown}


   Skills:
 + Level 7.7 Fighting
 - Level 4.0 Armour
 + Level 5.4 Dodging
 - Level 1.7 Stealth
 + Level 1.5 Shields
 + Level 8.8 Spellcasting
 - Level 3.0 Conjurations
 + Level 9.0 Air Magic


You had 19 spell levels left.
You knew the following spells:

 Your Spells              Type           Power      Damage    Failure   Level
a - Shock                 Conj/Air       100%       1d9       1%          1
b - Airstrike             Air            22%        N/A       1%          4
c - Swiftness             Air            44%        N/A       1%          3

Your spell library contained the following spells:

 Spells                   Type           Power      Damage    Failure   Level
 Poisonous Vapours        Pois/Air       52%        N/A       1%          2
 Magic Dart               Conj           84%        1d7       1%          1
 Searing Ray              Conj           42%        2d6       1%          2
 Static Discharge         Conj/Air       33%        N/A       1%          2
 Mephitic Cloud           Conj/Pois/Air  24%        N/A       1%          3
 Animate Skeleton         Necr           16%        N/A       11%         1
 Apportation              Tloc           16%        N/A       11%         1
 Summon Small Mammal      Summ           32%        N/A       11%         1
 Call Imp                 Summ           8%         N/A       16%         2
 Fulminant Prism          Conj/Hex       7%         3d7       16%         4
 Sticky Flame             Conj/Fire      14%        2d4       16%         4
 Dispel Undead            Necr           8%         3d8       71%         4


Dungeon Overview and Level Annotations

Branches:
Dungeon (9/15)             Temple (1/1) D:4         Ossuary (visited)
   Lair: D:8-11         Orc: D:9-12

Altars:
Dithmenos
Hepliaklqana
Nemelex Xobeh
Trog
Vehumet
Wu Jian
The Shining One

Shops:
D:3 (   D:5 *

Annotations:
D:2 1 runed translucent door, Crazy Yiuf
D:9 2 transporters, GadreelV2's ghost, novice GrBe


Innate Abilities, Weirdness & Mutations

You are partially covered in thin metallic scales. (AC +2)
You are mostly covered in sharp spines.
When hurt, damage is shared between your health and your magic reserves.
You regenerate magic rapidly.
When low on magic, you restore magic in place of health.
You have a small tail.


Message History

The bolt of electricity hits you!
The air twists around and strikes the electric eel!
You kill the electric eel!
Vehumet accepts your kill.
You feel your power returning.
You hear a splash.
The electric eel shoots out a bolt of lightning at you!
The bolt of electricity hits the plant! x2; The bolt of electricity misses you.
The air twists around and strikes the electric eel!
The electric eel is almost dead.
The electric eel shoots out a bolt of lightning at you!
The bolt of electricity hits the plant! x2; The bolt of electricity hits you.
You are too injured to fight recklessly!
You are too injured to fight recklessly!
Casting: Airstrike (mildly dangerous; 1% risk of failure)
Confirm with . or Enter, or press ? or * to list all spells.
Aiming: Airstrike (mildly dangerous; 1% risk of failure)
Press: ? - help, Dir - move target, f/p - electric eel
Aim: an electric eel (water, almost dead, empty space bonus: 7/8)
You miscast Airstrike.
You are very lightly contaminated with residual magic.
Nothing appears to happen.
The electric eel shoots out a bolt of lightning at you!
The bolt of electricity hits the plant! x2; The bolt of electricity hits you!
Casting: Airstrike (mildly dangerous; 1% risk of failure)
Confirm with . or Enter, or press ? or * to list all spells.
You don't have enough magic to cast this spell.
The centaur warrior shouts!
A nearby plant withers and dies. x2
The centaur warrior wields a +0 shortbow.
The centaur warrior shoots an arrow.
The arrow hits you!!
The electric eel shoots out a bolt of lightning at you!
The bolt of electricity hits you!
* * * LOW HITPOINT WARNING * * *
You enter the shallow water.
Moving in this stuff is going to be slow.
The centaur warrior shoots an arrow.
The arrow hits you!
* * * LOW HITPOINT WARNING * * *
The centaur warrior shoots an arrow.
The arrow hits you!
You die...

##......#######..### #........
................## #....###.
....#####........# ##..## ##
....## ###.....#.##########.#
.[...###......####....≈≈≈≈###
[..#.........####≈########.##
.###........## #≈##..P|$≈##.#####
## #........# #≈#...P≈.≈≈#.#....
####.......#####@#....≈≈.≈#.#....
#.##......##..##.#'..≈≈≈S≈#.#....
##.#.......##..#..#..P.$≈##≈##...
.##.....##....###.##########(####
.........###....#≈≈# .P:≈S##≈#
..#......##.....##≈# ...≈SS#≈#
.............#...#≈# ...$$≈#.#
..........##.##..#c# .P≈.≈≈#.#
.............##..#.. ..:.≈##'###


You could see a centaur warrior.

Vanquished Creatures
  Erolcha (D:9)
  A two-headed ogre (D:8)
  The ghost of paps the Covert, a novice OpDe of Gozag (D:8)
  A cyclops (D:9)
  Maggie (D:9)
  Psyche (D:9)
  Prince Ribbit (D:7)
  Sigmund (D:3)
  4 yaks (D:9)
  A wyvern (D:9)
  Grum (D:8)
  Menkaure (D:7)
  2 acid dragons (D:9)
  A water moccasin (D:8)
  Duvessa (D:7)
  A hornet zombie (D:7)
  5 orc warriors
  An ice beast (D:5)
  2 ogres
  4 wolves
  3 centaurs
  3 phantoms
  2 kobold brigands (D:9)
  A gnoll sergeant (D:5)
  2 scorpions
  A bullfrog (D:9)
  2 water moccasin skeletons (D:5)
  Dowan (D:7)
  5 wights (D:9)
  8 killer bees
  2 electric eels (D:9)
  A howler monkey (D:5)
  A centaur zombie (D:9)
  3 hounds
  2 jellies
  3 bullfrog zombies
  2 gnoll shamans
  2 orc priests (D:3)
  A bullfrog skeleton (D:4)
  Jessica (D:2)
  Ijyb (D:3)
  2 iguanas
  Natasha (thrice) (D:3)
  6 orc wizards
  A hound zombie (D:5)
  9 mummies
  6 adders
  14 gnolls
  3 ufetubi
  An adder zombie (D:5)
  A worm (D:2)
  4 dart slugs
  40 orcs
  11 bats
  9 endoplasms
  2 giant cockroaches (D:2)
  5 goblins
  3 hobgoblins
  4 jackals (D:3)
  18 kobolds
  A quokka (D:1)
  6 ball pythons
  5 frilled lizards
  A gnoll zombie (Ossuary)
  3 hobgoblin zombies
  3 kobold zombies (Ossuary)
  3 orc zombies
  7 rats
250 creatures vanquished.

Vanquished Creatures (others)
  A quokka (D:4)
  2 fungi (D:2)
  2 plants (D:9)
  5 toadstools (D:1)
  2 withered plants (D:8)
12 creatures vanquished.

Grand Total: 262 creatures vanquished

Notes
Turn   | Place    | Note
-------+----------+-------------------------------------------
     0 | D:1      | Essalna the Demonspawn Air Elementalist began the quest for
                  | the Orb.
     0 | D:1      | Reached XP level 1. HP: 13/13 MP: 3/3
   263 | D:1      | Gained mutation: You regenerate magic rapidly. [demonic
                  | ancestry]
   263 | D:1      | Reached XP level 2. HP: 19/19 MP: 0/5
   487 | D:1      | Reached skill level 3 in Air Magic
   723 | D:1      | Found a faded altar of an unknown god.
  1172 | D:2      | Found a sparkling altar of Nemelex Xobeh.
  1178 | D:2      | Noticed Jessica
  1184 | D:2      | Killed Jessica
  1185 | D:2      | Gained mutation: You are partially covered in sharp spines.
                  | [demonic ancestry]
  1185 | D:2      | Reached XP level 3. HP: 24/24 MP: 1/7
  1337 | D:2      | Gained mutation: You are mostly covered in sharp spines.
                  | [demonic ancestry]
  1337 | D:2      | Reached XP level 4. HP: 30/30 MP: 4/8
  1885 | D:2      | Noticed a phantom
  1905 | D:2      | Killed a phantom
  1906 | D:2      | Gained mutation: You are partially covered in thin metallic
                  | scales. (AC +2) [demonic ancestry]
  1906 | D:2      | Reached XP level 5. HP: 24/35 MP: 3/9
  2193 | D:2      | Found a runed translucent door.
  2194 | D:2      | Noticed Crazy Yiuf
  2201 | D:2      | Learned a level 4 spell: Airstrike
  2310 | D:3      | Noticed Natasha
  2316 | D:3      | Killed Natasha
  2317 | D:3      | Reached skill level 4 in Air Magic
  2365 | D:3      | Noticed Natasha
  2371 | D:3      | Killed Natasha
  2384 | D:3      | Noticed Natasha
  2388 | D:3      | Killed Natasha
  2636 | D:3      | Gained mutation: You have a small tail. [demonic ancestry]
  2636 | D:3      | Reached XP level 6. HP: 41/41 MP: 5/11
  2710 | D:3      | Found Evuiff's Weapon Shoppe.
  3174 | D:3      | Noticed Ijyb
  3187 | D:3      | Killed Ijyb
  3376 | D:3      | Noticed Sigmund
  3383 | D:3      | Killed Sigmund
  3384 | D:3      | Reached skill level 5 in Air Magic
  3384 | D:3      | Gained mutation: When hurt, damage is shared between your
                  | health and your magic reserves. [demonic ancestry]
  3384 | D:3      | Reached XP level 7. HP: 29/46 MP: 7/14
  3518 | D:4      | Reached skill level 5 in Spellcasting
  3817 | D:4      | Found a staircase to the Ecumenical Temple.
  3827 | Temple   | Entered the Ecumenical Temple
  3837 | Temple   | Became a worshipper of Vehumet
  3996 | D:4      | Reached skill level 1 in Fighting
  4108 | D:5      | Entered Level 5 of the Dungeon
  4229 | D:5      | Reached XP level 8. HP: 57/57 MP: 8/16
  4309 | D:5      | Reached skill level 6 in Air Magic
  4571 | D:5      | Reached * piety under Vehumet
  4571 | D:5      | Offered knowledge of Freeze by Vehumet.
  4819 | D:5      | Learned a level 3 spell: Swiftness
  4893 | D:5      | Found Agrim's CLEARANCE SALE!.
  5081 | D:6      | Found a sand-covered staircase.
  5089 | Ossuary  | Entered an ossuary
  5394 | D:6      | Reached skill level 7 in Air Magic
  5543 | D:6      | Gained mutation: When low on magic, you restore magic in
                  | place of health. [demonic ancestry]
  5543 | D:6      | Reached XP level 9. HP: 33/67 MP: 4/19
  6151 | D:6      | Reached skill level 5 in Fighting
  6169 | D:6      | Offered knowledge of Sandblast by Vehumet.
  6623 | D:7      | Noticed Prince Ribbit
  6714 | D:7      | Killed Prince Ribbit
  6714 | D:7      | Reached ** piety under Vehumet
  6715 | D:7      | Reached skill level 1 in Armour
  6885 | D:7      | Noticed Duvessa
  6885 | D:7      | Noticed Dowan
  6887 | D:7      | Noticed Menkaure
  6888 | D:7      | Killed Duvessa
  6890 | D:7      | Killed Dowan
  6904 | D:7      | Killed Menkaure
  7203 | D:7      | Identified the -2 cloak "Vodghein" {rC+}
  7829 | D:8      | Noticed a two-headed ogre
  7914 | D:8      | Killed a two-headed ogre
  8242 | D:8      | Reached XP level 10. HP: 76/76 MP: 11/21
  8244 | D:8      | Reached skill level 8 in Air Magic
  8244 | D:8      | Noticed Grum
  8456 | D:9      | Noticed Erolcha
  8461 | D:9      | Killed Erolcha
  8642 | D:9      | Noticed Psyche
  8645 | D:9      | Killed Psyche
  8650 | D:9      | Noticed Maggie
  8665 | D:9      | Killed Maggie
  8931 | D:9      | Offered knowledge of Poisonous Vapours by Vehumet.
  8998 | D:9      | Found a transporter.
  8998 | D:9      | Noticed GadreelV2's ghost (novice GrBe)
  8999 | D:9      | Noticed an orc high priest
  9501 | D:9      | Noticed a centaur warrior
  9594 | D:8      | Killed Grum
  9595 | D:8      | Reached skill level 5 in Dodging
  9912 | D:8      | Reached *** piety under Vehumet
 10351 | D:8      | Found a runed translucent door.
 10351 | D:8      | Noticed paps's ghost (novice OpDe)
 10775 | D:8      | Killed paps's ghost
 10812 | D:8      | Upgraded the game from 0.28-a0-1084-ga282ea246d to
                  | 0.28-a0-1114-g8eb0198dcf
 10886 | D:9      | Reached XP level 11. HP: 75/84 MP: 2/23
 10887 | D:9      | Reached skill level 1 in Shields
 11022 | D:9      | Found a transporter.
 11043 | D:9      | Reached skill level 9 in Air Magic
 11752 | D:9      | Shot with an arrow by a centaur warrior

Illustrated notes

Levels and vault maps discovered:
D:1:      ldierk_walled_garden, layout_basic,
          hellmonk_ecumenical_altar_pennies_from_heaven
D:2:      layout_loops_ring, basic_altar, minmay_joined_circles,
          uniq_crazy_yiuf_cottage, uniq_jessica
D:3:      layout_rooms, serial_shops, nicolae_shop_bloodbath_and_beyond,
          hangedman_decor_push, kennysheep_generic_room_16, uniq_ijyb,
          uniq_natasha, uniq_sigmund
D:4:      layout_rooms, lemuel_temple_firewalk_b
D:5:      layout_rooms, st_stairs_5, nicolae_shop_clearance
D:6:      layout_loops_ring, serial_rivers, chequers_serial_rivers_room_a,
          chequers_serial_rivers_room_a, chequers_serial_rivers_room_a,
          chequers_serial_rivers_large_b, nicolae_ossuary_entry_giza
D:7:      layout_cave_pods, uniq_prince_ribbit1, uniq_menkaure, uniq_duvessa
D:8:      layout_layer_cave, gammafunk_ghost_grave, uniq_grum
D:9:      cheibrodos_two_vegetables, layout_layer_cave, gammafunk_ghost_arena,
          uniq_erolcha, uniq_maggie, uniq_psyche
Temple:   compressed_dpeg_circular_temple

Skill      XL: |  1  2  3  4  5  6  7  8  9 10 11 |
---------------+----------------------------------+-----
Air Magic      | 3 4 5 7 8 9 |  9.0
Conjurations   | 2 3 |  3.0
Spellcasting   | 3 4 5 6 7 8 |  8.8
Fighting       | 2 4 6 7 |  7.7
Dodging        | 3 5 |  5.4
Armour         | 2 4 |  4.0
Shields        | 1 |  1.5
Stealth        | |  1.7

Action                   |  1- 3 |  4- 6 |  7- 9 | 10-12 || total
-------------------------+-------+-------+-------+-------++-------
Melee: Unarmed           |     1 |       |       |       ||     1
       Whip              |     4 |       |       |       ||     4
       Club              |     7 |    15 |    32 |    42 ||    96
       Tailslap          |       |     2 |     4 |     9 ||    15
 Cast: Shock             |    63 |   125 |   206 |     4 ||   398
       Airstrike         |       |       |    72 |    81 ||   153
  Use: Scroll            |     3 |       |     4 |     5 ||    12
 Stab: Sleeping          |     2 |       |       |       ||     2
Armor: Robe              |     4 |     7 |    14 |    14 ||    39
Dodge: Dodged            |     9 |    23 |    42 |    38 ||   112

Table legend: (Time is in decaauts)
 A = Elapsed time spent in this place.
 B = Non-inter-level travel time spent in this place.
 C = Inter-level travel time spent in this place.
 D = Time resting spent in this place.
 E = Time spent auto-exploring this place.
 F = Levels seen in this place.
 G = Mean time per level.
                   A        B        C        D        E       F      G
               +--------+--------+--------+--------+--------+-----+--------+
         Total |  11849 |  11401 |    448 |    134 |   9723 |  11 | 1077.2 |
       Dungeon |  11543 |  11101 |    442 |    134 |   9519 |   9 | 1282.6 |
        Temple |     17 |     11 |      6 |      0 |      0 |   1 |   17.0 |
       Ossuary |    287 |    287 |      0 |      0 |    204 |   1 |  287.0 |
               +--------+--------+--------+--------+--------+-----+--------+

Top non-repeatable levels by time:
     D:9: 2237 daAuts
     D:8: 1760 daAuts
     D:6: 1353 daAuts
     D:3: 1270 daAuts
     D:1: 1151 daAuts
     D:7: 1146 daAuts
     D:2: 1109 daAuts
     D:5: 903 daAuts
     D:4: 611 daAuts
 Ossuary: 287 daAuts
  Temple: 17 daAuts
